General information
- name: BNet
- type: Ladder team game (AT/RT)
- host: Battle.net
- saver: dogsandhorse.ru
map: Dragonblight
- players: 6
- length: 92:13
- speed: Fast
- version: 1.26 W3XP
- replay type:

» download(639 KB)
Players
team 1 (loser)
0skarLafontaine (
red | 65 APM | 1597 actions | 24:23)
3 Blademaster
2 Wind Walk
1 Critical Strike
1 Shadow Hunter
1 Hex
» actions
| Assign group hotkey | 51 | |
| Basic commands | 6 | |
| Build / train | 53 | |
| Enter build submenu | 24 | |
| Enter hero's abilities submenu | 4 | |
| Give item / drop item | 1 | |
| Remove unit from queue | 1 | |
| Right click | 1071 | |
| Select / deselect | 125 | |
| Select group hotkey | 179 | |
| Use ability | 82 | |
1597 total
» units
| Peon | 8 | |
| Grunt | 3 | |
| Raider | 3 | |
| Blue Dragon | 4 | |
| Blue Drake | 1 | |
| Blue Dragon Whelp | 1 | |
20 total
» upgrades
| Berserker Strength | 1 | |
| Ensnare | 1 | |
| Armor | 1 | |
| Melee Weapons | 2 | |
| Reinforced Defenses | 1 | |
| Pillage | 1 | |
7 total
» buildings
| Altar of Storms | 1 | |
| Orc Burrow | 5 | |
| Voodoo Lounge | 1 | |
| Barracks | 1 | |
| War Mill | 1 | |
| Stronghold | 1 | |
| Beastiary | 3 | |
| Watch Tower | 9 | |
| Fortress | 1 | |
23 total
» build order
00:06 Altar of Storms
00:17 Orc Burrow
00:53 Voodoo Lounge
01:25 Orc Burrow
02:00 Barracks
02:34 War Mill
03:34 Stronghold
06:37 Beastiary
06:40 Beastiary
06:44 Beastiary
07:09 Orc Burrow
07:13 Watch Tower
07:16 Watch Tower
10:10 Fortress
11:31 Orc Burrow
11:33 Orc Burrow
11:38 Watch Tower
11:42 Watch Tower
12:03 Watch Tower
12:06 Watch Tower
24:10 Watch Tower
24:11 Watch Tower
24:12 Watch Tower
» items
| Healing Salve | 4 | |
| Scroll of Speed | 2 | |
| Lesser Clarity Potion | 4 | |
| Potion of Healing | 1 | |
| Boots of Speed | 1 | |
| Potion of Lesser Invulnerability | 1 | |
| Orb of Lightning | 1 | |
| Staff of Sanctuary | 1 | |
15 total
Gregor_Gysi (
green | 88 APM | 8114 actions | 92:07)
7 Death Knight
3 Death Coil
3 Unholy Aura
1 Death Pact
6 Lich
3 Frost Nova
2 Frost Armor
1 Death and Decay
» actions
| Assign group hotkey | 310 | |
| Basic commands | 56 | |
| Build / train | 157 | |
| ESC pressed | 7 | |
| Enter build submenu | 52 | |
| Enter hero's abilities submenu | 13 | |
| Give item / drop item | 6 | |
| Remove unit from queue | 4 | |
| Right click | 4348 | |
| Select / deselect | 969 | |
| Select group hotkey | 1848 | |
| Use ability | 344 | |
8114 total
» units
| Acolyte | 41 | |
| Ghoul | 3 | |
| Crypt Fiend | 7 | |
| Obsidian Statue | 5 | |
| Blue Drake | 1 | |
| Meatwagon | 5 | |
| Frost Wyrm | 11 | |
| Blue Dragon | 6 | |
| Raider | 3 | |
82 total
» upgrades
| Creature Attack | 3 | |
| Burrow | 1 | |
| Web | 1 | |
| Destroyer Form | 1 | |
| Creature Carapace | 3 | |
| Freezing Breath | 1 | |
10 total
» buildings
| Graveyard | 1 | |
| Crypt | 1 | |
| Altar of Darkness | 1 | |
| Ziggurat | 37 | |
| Tomb of Relics | 2 | |
| Halls of the Dead | 2 | |
| Slaughterhouse | 2 | |
| Black Citadel | 2 | |
| Sacrificial Pit | 1 | |
| Spirit Tower | 23 | |
| Nerubian Tower | 5 | |
| Boneyard | 2 | |
| Necropolis | 2 | |
81 total
» build order
00:08 Graveyard
00:15 Crypt
00:41 Altar of Darkness
00:57 Ziggurat
01:24 Tomb of Relics
02:00 Ziggurat
03:55 Halls of the Dead
03:55 Halls of the Dead
04:10 Ziggurat
06:17 Slaughterhouse
06:27 Black Citadel
06:28 Black Citadel
06:59 Ziggurat
09:27 Ziggurat
10:38 Ziggurat
11:14 Sacrificial Pit
17:29 Spirit Tower
17:31 Spirit Tower
17:46 Spirit Tower
18:03 Ziggurat
18:29 Ziggurat
18:30 Ziggurat
19:23 Nerubian Tower
19:24 Spirit Tower
19:25 Spirit Tower
19:27 Ziggurat
19:40 Slaughterhouse
22:01 Ziggurat
22:04 Ziggurat
22:06 Ziggurat
23:49 Ziggurat
23:50 Ziggurat
25:20 Spirit Tower
25:21 Spirit Tower
25:22 Ziggurat
25:23 Ziggurat
26:34 Spirit Tower
26:35 Spirit Tower
27:28 Spirit Tower
27:52 Spirit Tower
30:49 Ziggurat
30:51 Ziggurat
33:05 Tomb of Relics
33:39 Ziggurat
33:40 Ziggurat
33:41 Ziggurat
33:42 Ziggurat
35:01 Spirit Tower
35:02 Nerubian Tower
35:02 Spirit Tower
35:03 Spirit Tower
37:11 Ziggurat
37:16 Ziggurat
37:18 Ziggurat
37:28 Boneyard
38:04 Spirit Tower
38:10 Spirit Tower
38:10 Spirit Tower
38:11 Spirit Tower
39:53 Necropolis
40:33 Boneyard
47:25 Ziggurat
47:27 Ziggurat
47:29 Ziggurat
47:30 Ziggurat
48:20 Spirit Tower
48:20 Spirit Tower
48:22 Nerubian Tower
48:30 Nerubian Tower
57:18 Ziggurat
57:20 Ziggurat
58:36 Nerubian Tower
58:36 Spirit Tower
61:17 Necropolis
63:00 Ziggurat
70:49 Ziggurat
70:50 Ziggurat
70:51 Ziggurat
» items
| Rod of Necromancy | 2 | |
| Orb of Corruption | 1 | |
| Potion of Lesser Invulnerability | 3 | |
| Scroll of Town Portal | 3 | |
| Potion of Healing | 2 | |
11 total
testoman (
teal | 63 APM | 5835 actions | 92:11)
8 Archmage
3 Summon Water Elemental
2 Brilliance Aura
2 Mass Teleport
1 Blizzard
4 Mountain King
2 Storm Bolt
2 Bash
3 Shadow Hunter
2 Healing Wave
1 Hex
2 Blademaster
1 Critical Strike
1 Wind Walk
» actions
| Assign group hotkey | 380 | |
| Basic commands | 97 | |
| Build / train | 137 | |
| ESC pressed | 9 | |
| Enter build submenu | 39 | |
| Enter hero's abilities submenu | 14 | |
| Give item / drop item | 6 | |
| Remove unit from queue | 2 | |
| Right click | 3603 | |
| Select / deselect | 595 | |
| Select group hotkey | 650 | |
| Use ability | 303 | |
5835 total
» units
| Peasant | 18 | |
| Rifleman | 9 | |
| Priest | 2 | |
| Blue Dragon | 3 | |
| Mortar Team | 16 | |
| Raider | 1 | |
| Troll Batrider | 10 | |
| Knight | 2 | |
| Flying Machine | 4 | |
65 total
» upgrades
| Gunpowder | 3 | |
| Masonry | 3 | |
| Lumber Harvesting | 2 | |
| Armor | 1 | |
| Fragmentation Shards | 1 | |
| Magic Sentry | 1 | |
| Flare | 1 | |
| Liquid Fire | 1 | |
| Long Rifles | 1 | |
| Animal War Training | 1 | |
15 total
» buildings
| Altar of Kings | 1 | |
| Farm | 10 | |
| Lumber Mill | 1 | |
| Barracks | 2 | |
| Blacksmith | 1 | |
| Scout Tower | 34 | |
| Arcane Tower | 3 | |
| Keep | 2 | |
| Town Hall | 2 | |
| Guard Tower | 9 | |
| Arcane Vault | 2 | |
| Arcane Sanctum | 1 | |
| Castle | 1 | |
| Workshop | 4 | |
| Great Hall | 1 | |
74 total
» build order
00:06 Altar of Kings
00:19 Farm
00:40 Lumber Mill
00:58 Farm
01:41 Barracks
01:49 Blacksmith
02:00 Farm
02:26 Barracks
04:10 Scout Tower
04:17 Scout Tower
04:45 Arcane Tower
04:52 Keep
05:23 Farm
07:53 Town Hall
08:20 Scout Tower
08:22 Scout Tower
08:23 Scout Tower
08:25 Scout Tower
08:26 Scout Tower
08:28 Scout Tower
09:17 Guard Tower
09:40 Arcane Vault
09:46 Arcane Sanctum
10:26 Castle
10:41 Guard Tower
12:00 Guard Tower
13:53 Scout Tower
13:55 Scout Tower
13:55 Scout Tower
13:56 Scout Tower
13:57 Scout Tower
13:58 Scout Tower
13:59 Scout Tower
14:01 Scout Tower
14:03 Scout Tower
14:29 Workshop
14:38 Workshop
14:41 Workshop
14:44 Workshop
14:53 Guard Tower
14:59 Scout Tower
15:02 Scout Tower
15:04 Scout Tower
15:06 Scout Tower
15:07 Scout Tower
15:09 Scout Tower
15:11 Scout Tower
15:24 Arcane Vault
15:33 Guard Tower
15:57 Farm
16:00 Farm
16:02 Farm
16:04 Farm
16:06 Farm
16:08 Farm
16:27 Guard Tower
17:21 Guard Tower
17:34 Guard Tower
17:36 Keep
19:19 Scout Tower
19:21 Scout Tower
19:22 Scout Tower
19:23 Scout Tower
19:23 Scout Tower
21:28 Arcane Tower
25:30 Great Hall
35:35 Scout Tower
35:36 Scout Tower
35:37 Scout Tower
35:37 Scout Tower
37:43 Guard Tower
59:40 Scout Tower
75:28 Town Hall
91:15 Arcane Tower
» items
| Dust of Appearance | 1 | |
| Scroll of Town Portal | 4 | |
| Potion of Healing | 3 | |
| Staff of Sanctuary | 2 | |
| Boots of Speed | 1 | |
| Scroll of Healing | 1 | |
| Scroll of Regeneration | 1 | |
| Ivory Tower | 1 | |
| Potion of Lesser Invulnerability | 1 | |
| Tome of Retraining | 1 | |
16 total
team 2 (winner)
Birdeneering (
yellow | 106 APM | 9767 actions | 92:12)
5 Archmage
3 Blizzard
2 Brilliance Aura
5 Blood Mage
3 Flame Strike
2 Siphon Mana
4 Mountain King
2 Storm Bolt
2 Bash
» actions
| Assign group hotkey | 672 | |
| Basic commands | 43 | |
| Build / train | 173 | |
| Enter build submenu | 145 | |
| Enter hero's abilities submenu | 16 | |
| Give item / drop item | 1 | |
| Right click | 5048 | |
| Select / deselect | 784 | |
| Select group hotkey | 2307 | |
| Use ability | 578 | |
9767 total
» units
» upgrades
| Masonry | 3 | |
| Lumber Harvesting | 2 | |
| Magic Sentry | 1 | |
| Swords | 2 | |
| Armor | 2 | |
10 total
» buildings
| Altar of Kings | 2 | |
| Farm | 8 | |
| Lumber Mill | 1 | |
| Scout Tower | 157 | |
| Arcane Tower | 10 | |
| Guard Tower | 59 | |
| Keep | 1 | |
| Arcane Vault | 3 | |
| Arcane Sanctum | 1 | |
| Castle | 1 | |
| Town Hall | 6 | |
| Barracks | 1 | |
| Blacksmith | 1 | |
251 total
» build order
00:04 Altar of Kings
00:18 Farm
00:33 Lumber Mill
01:03 Scout Tower
01:12 Farm
01:29 Arcane Tower
01:29 Arcane Tower
01:33 Scout Tower
02:00 Scout Tower
02:04 Scout Tower
02:05 Arcane Tower
02:29 Guard Tower
02:30 Scout Tower
02:32 Scout Tower
02:35 Guard Tower
02:37 Scout Tower
03:07 Guard Tower
03:09 Scout Tower
03:10 Guard Tower
03:53 Guard Tower
03:56 Scout Tower
04:04 Scout Tower
04:05 Scout Tower
04:17 Scout Tower
04:41 Guard Tower
04:42 Scout Tower
04:46 Keep
04:47 Arcane Tower
04:55 Scout Tower
04:56 Scout Tower
05:27 Guard Tower
05:28 Arcane Vault
05:30 Arcane Vault
06:39 Guard Tower
06:41 Scout Tower
06:43 Scout Tower
07:07 Farm
07:08 Farm
07:12 Arcane Sanctum
07:42 Guard Tower
07:44 Scout Tower
07:51 Arcane Vault
07:53 Scout Tower
07:54 Scout Tower
08:04 Farm
08:22 Guard Tower
08:23 Scout Tower
08:42 Castle
09:04 Guard Tower
09:06 Scout Tower
09:07 Scout Tower
10:29 Guard Tower
10:31 Scout Tower
10:40 Arcane Tower
10:45 Scout Tower
10:46 Scout Tower
11:09 Guard Tower
11:11 Scout Tower
11:11 Scout Tower
12:16 Guard Tower
12:18 Scout Tower
12:18 Scout Tower
12:27 Guard Tower
12:28 Scout Tower
12:28 Scout Tower
12:29 Scout Tower
12:29 Scout Tower
12:41 Town Hall
12:42 Scout Tower
12:54 Scout Tower
12:59 Town Hall
13:01 Scout Tower
13:02 Scout Tower
13:06 Scout Tower
13:07 Scout Tower
13:09 Scout Tower
13:09 Scout Tower
13:10 Scout Tower
13:10 Scout Tower
13:17 Guard Tower
13:20 Guard Tower
13:21 Guard Tower
13:29 Scout Tower
13:37 Scout Tower
13:37 Scout Tower
13:38 Scout Tower
13:39 Scout Tower
13:40 Guard Tower
13:44 Scout Tower
13:44 Scout Tower
13:45 Scout Tower
13:46 Scout Tower
13:46 Scout Tower
13:47 Scout Tower
13:51 Town Hall
13:53 Scout Tower
13:54 Scout Tower
13:55 Scout Tower
13:55 Scout Tower
13:56 Scout Tower
13:57 Scout Tower
14:12 Guard Tower
14:15 Guard Tower
14:16 Scout Tower
14:17 Scout Tower
14:20 Scout Tower
14:21 Scout Tower
14:26 Guard Tower
14:29 Scout Tower
14:31 Scout Tower
14:32 Scout Tower
14:33 Scout Tower
14:33 Scout Tower
14:34 Scout Tower
14:39 Barracks
14:39 Blacksmith
14:59 Guard Tower
15:22 Guard Tower
15:25 Guard Tower
15:27 Scout Tower
15:29 Scout Tower
15:32 Scout Tower
15:32 Scout Tower
15:38 Scout Tower
15:38 Scout Tower
15:50 Guard Tower
15:59 Guard Tower
16:16 Guard Tower
16:18 Scout Tower
16:24 Scout Tower
16:25 Scout Tower
16:26 Guard Tower
16:28 Guard Tower
16:32 Scout Tower
16:33 Scout Tower
16:53 Guard Tower
17:14 Scout Tower
17:26 Scout Tower
17:26 Scout Tower
17:30 Arcane Tower
17:31 Arcane Tower
17:37 Guard Tower
17:55 Guard Tower
18:04 Guard Tower
18:08 Scout Tower
18:10 Scout Tower
18:20 Guard Tower
18:31 Scout Tower
18:32 Scout Tower
18:33 Scout Tower
18:33 Scout Tower
19:10 Guard Tower
19:14 Scout Tower
19:15 Scout Tower
19:38 Guard Tower
20:16 Guard Tower
20:44 Guard Tower
21:28 Town Hall
21:31 Scout Tower
21:32 Scout Tower
21:32 Scout Tower
21:33 Scout Tower
21:50 Guard Tower
21:52 Scout Tower
21:56 Scout Tower
21:57 Scout Tower
23:52 Scout Tower
24:14 Scout Tower
24:14 Scout Tower
25:36 Guard Tower
25:46 Scout Tower
25:55 Scout Tower
25:55 Scout Tower
25:56 Scout Tower
25:56 Scout Tower
25:57 Scout Tower
26:00 Scout Tower
26:01 Scout Tower
26:18 Scout Tower
26:19 Scout Tower
26:34 Scout Tower
26:35 Scout Tower
26:35 Scout Tower
26:36 Scout Tower
26:36 Scout Tower
26:37 Scout Tower
26:43 Scout Tower
26:44 Scout Tower
26:45 Guard Tower
27:04 Scout Tower
27:13 Guard Tower
27:28 Guard Tower
27:29 Scout Tower
27:30 Scout Tower
27:30 Scout Tower
27:31 Scout Tower
27:32 Scout Tower
27:32 Scout Tower
27:34 Scout Tower
27:35 Scout Tower
27:36 Scout Tower
27:37 Scout Tower
27:53 Guard Tower
28:41 Guard Tower
28:42 Scout Tower
28:54 Scout Tower
28:58 Scout Tower
28:59 Scout Tower
29:20 Scout Tower
29:29 Guard Tower
29:30 Scout Tower
29:31 Scout Tower
29:33 Scout Tower
29:34 Scout Tower
29:37 Scout Tower
29:38 Scout Tower
29:50 Guard Tower
30:16 Altar of Kings
30:23 Guard Tower
30:41 Town Hall
31:17 Scout Tower
31:50 Scout Tower
31:51 Scout Tower
31:52 Scout Tower
31:52 Scout Tower
31:58 Guard Tower
32:08 Guard Tower
33:17 Scout Tower
33:17 Scout Tower
34:08 Guard Tower
36:42 Guard Tower
37:53 Farm
37:54 Farm
38:01 Farm
38:09 Scout Tower
38:10 Scout Tower
38:12 Scout Tower
39:15 Guard Tower
39:54 Guard Tower
40:16 Scout Tower
45:25 Town Hall
46:10 Scout Tower
46:14 Scout Tower
47:38 Guard Tower
76:57 Scout Tower
78:57 Arcane Tower
» items
| Scroll of Regeneration | 3 | |
| Staff of Sanctuary | 3 | |
| Boots of Speed | 3 | |
| Staff of Teleportation | 3 | |
| Orb of Lightning | 2 | |
| Orb of Venom | 1 | |
| Scroll of Town Portal | 5 | |
| Healing Salve | 1 | |
21 total
dogsandhorse.ru (
pink | 105 APM | 9692 actions | 92:13)
7 Blademaster
3 Wind Walk
3 Critical Strike
1 Bladestorm
» actions
| Assign group hotkey | 40 | |
| Basic commands | 17 | |
| Build / train | 150 | |
| Enter build submenu | 105 | |
| Enter hero's abilities submenu | 8 | |
| Give item / drop item | 7 | |
| Remove unit from queue | 2 | |
| Right click | 6956 | |
| Select / deselect | 1017 | |
| Select group hotkey | 752 | |
| Use ability | 638 | |
9692 total
» units
| Peon | 16 | |
| Troll Batrider | 73 | |
| Blue Dragon | 1 | |
90 total
» upgrades
| Ranged Weapons | 3 | |
| Armor | 2 | |
| Liquid Fire | 1 | |
| Reinforced Defenses | 1 | |
7 total
» buildings
| Orc Burrow | 6 | |
| War Mill | 1 | |
| Altar of Storms | 2 | |
| Watch Tower | 85 | |
| Stronghold | 5 | |
| Voodoo Lounge | 6 | |
| Great Hall | 2 | |
| Beastiary | 3 | |
| Fortress | 1 | |
111 total
» build order
00:11 Orc Burrow
00:23 War Mill
00:44 Altar of Storms
01:39 Watch Tower
01:54 Watch Tower
02:30 Watch Tower
02:36 Watch Tower
02:54 Watch Tower
03:04 Watch Tower
03:09 Watch Tower
03:22 Orc Burrow
03:29 Watch Tower
03:31 Watch Tower
03:35 Watch Tower
03:57 Watch Tower
04:13 Watch Tower
04:14 Watch Tower
05:06 Stronghold
05:06 Stronghold
05:07 Stronghold
05:18 Watch Tower
05:19 Watch Tower
06:03 Voodoo Lounge
06:42 Great Hall
06:48 Orc Burrow
07:14 Watch Tower
07:16 Watch Tower
07:25 Watch Tower
07:47 Beastiary
09:04 Beastiary
09:13 Watch Tower
09:15 Watch Tower
09:48 Watch Tower
10:23 Watch Tower
10:34 Watch Tower
10:36 Watch Tower
10:56 Watch Tower
11:28 Voodoo Lounge
11:35 Voodoo Lounge
12:00 Watch Tower
12:01 Watch Tower
12:03 Watch Tower
12:43 Watch Tower
13:06 Watch Tower
13:24 Watch Tower
13:36 Watch Tower
13:38 Watch Tower
13:39 Watch Tower
13:40 Watch Tower
13:48 Fortress
13:59 Watch Tower
14:00 Watch Tower
14:00 Watch Tower
15:18 Beastiary
16:05 Watch Tower
18:34 Watch Tower
18:53 Watch Tower
21:07 Watch Tower
23:33 Watch Tower
23:34 Watch Tower
23:34 Watch Tower
23:35 Watch Tower
23:36 Watch Tower
23:37 Watch Tower
24:18 Orc Burrow
25:01 Voodoo Lounge
25:17 Watch Tower
25:17 Watch Tower
25:18 Watch Tower
25:19 Watch Tower
25:54 Watch Tower
25:55 Watch Tower
25:56 Watch Tower
25:56 Watch Tower
27:44 Great Hall
29:46 Altar of Storms
31:44 Watch Tower
31:45 Watch Tower
31:45 Watch Tower
31:47 Watch Tower
31:47 Watch Tower
31:48 Watch Tower
31:49 Watch Tower
31:49 Watch Tower
31:50 Watch Tower
31:51 Watch Tower
31:51 Watch Tower
31:51 Watch Tower
33:16 Watch Tower
34:08 Watch Tower
34:11 Watch Tower
34:55 Watch Tower
35:17 Voodoo Lounge
35:22 Voodoo Lounge
42:12 Watch Tower
42:14 Watch Tower
44:26 Watch Tower
44:26 Watch Tower
44:28 Watch Tower
44:28 Watch Tower
44:29 Watch Tower
50:41 Watch Tower
50:42 Watch Tower
50:42 Watch Tower
51:03 Watch Tower
51:04 Watch Tower
53:15 Orc Burrow
53:17 Orc Burrow
» items
| Healing Salve | 6 | |
| Lesser Clarity Potion | 19 | |
| Boots of Speed | 1 | |
| Staff of Teleportation | 1 | |
| Scroll of Town Portal | 3 | |
| Orb of Lightning | 1 | |
31 total
TIMG4STRok (
orange | 104 APM | 9604 actions | 92:12)
7 Warden
3 Shadow Strike
3 Blink
1 Spirit of Vengeance
5 Pandaren Brewmaster
3 Breath of Fire
1 Drunken Haze
1 Drunken Brawler
» actions
| Assign group hotkey | 17 | |
| Basic commands | 40 | |
| Build / train | 78 | |
| ESC pressed | 7 | |
| Enter build submenu | 27 | |
| Enter hero's abilities submenu | 12 | |
| Give item / drop item | 2 | |
| Right click | 6010 | |
| Select / deselect | 457 | |
| Select group hotkey | 2407 | |
| Use ability | 547 | |
9604 total
» units
» upgrades
| Well Spring | 1 | |
| Nature's Blessing | 1 | |
| Ultravision | 1 | |
3 total
» buildings
| Altar of Elders | 3 | |
| Moon Well | 25 | |
| Tree of Ages | 2 | |
| Hunter's Hall | 1 | |
| Tree of Eternity | 3 | |
| Ancient of Wonders | 1 | |
| Tree of Life | 2 | |
37 total
» build order
00:29 Altar of Elders
00:29 Moon Well
02:59 Moon Well
04:52 Tree of Ages
04:52 Tree of Ages
05:46 Moon Well
05:46 Moon Well
07:03 Hunter's Hall
07:08 Moon Well
07:08 Moon Well
07:14 Moon Well
07:15 Moon Well
07:44 Tree of Eternity
07:44 Tree of Eternity
08:01 Ancient of Wonders
11:25 Moon Well
11:27 Moon Well
19:27 Moon Well
25:24 Tree of Life
26:11 Tree of Life
35:55 Moon Well
36:55 Moon Well
36:55 Moon Well
38:32 Moon Well
38:33 Moon Well
41:09 Moon Well
41:09 Moon Well
41:10 Moon Well
41:10 Moon Well
41:11 Moon Well
42:41 Moon Well
42:42 Moon Well
42:43 Moon Well
42:43 Moon Well
49:22 Altar of Elders
49:22 Altar of Elders
» items
| Staff of Teleportation | 2 | |
| Boots of Speed | 2 | |
| Orb of Venom | 1 | |
| Potion of Healing | 1 | |
| Orb of Lightning | 1 | |
| Staff of Sanctuary | 2 | |
9 total
Chat log
(00:55 / Allies) TIMG4STRok: HI IM ON PHONE
(54:13 / All) dogsandhorse.ru: lol
(61:19 / All) dogsandhorse.ru: ))
(63:13 / All) Birdeneering: hi
(63:15 / All) Birdeneering: who wants to chat
(64:12 / All) Birdeneering: does anyone want golde?
(64:20 / All) TIMG4STRok: wat do i do with all my $$$$$$$$
(91:40 / All) Birdeneering: GG
(92:02 / All) TIMG4STRok: GG